 Dungeon Crawl Stone Soup version 0.14.0-17-gc0b17a5 (webtiles) character file.

186244 Econoterrorist the Warrior (level 17, -12/170 HPs)
             Began as a Minotaur Berserker on Apr 18, 2014.
             Was the Champion of Trog.
             Mangled by a harpy (15 damage)
             ... summoned by Kirke
             ... on Level 2 of the Swamp on Apr 19, 2014.
             The game lasted 03:40:52 (38370 turns).

Econoterrorist the Warrior (Minotaur Berserker)    Turns: 38370, Time: 03:40:54

HP -12/170       AC  0     Str 23      XL: 17   Next: 38%
MP  26/26        EV 14     Int  3      God: Trog [******]
Gold 2467        SH  0     Dex 15      Spells:  0 memorised, 16 levels left

rFire  . . .     SeeInvis .     x - melded +1,+2 demon trident (drain)
rCold  . . .     Clarity  +     A - melded +2 crystal plate armour
rNeg   . . .     Conserve .     R - melded +0 shield
rPois  .         rCorr    .     (helmet currently unavailable)
rElec  .         rRot     .     z - melded +2 cloak of Autumn {rF+ Stlth++}
SustAb . .       Spirit   .     t - melded +0 pair of gloves
rMut   .         Warding  .     f - melded +0 pair of boots
Saprov . . .     Stasis   .     S - amulet of clarity
MR     +....                    j - melded ring of poison resistance
                                V - melded ring of Vatak {MR+ Str+3 Dex+2}

@: pig-form, very slightly contaminated, hasted, drained, very quick, somewhat
resistant to hostile enchantments, unstealthy
A: (retaliatory headbutt), (horns 0), dopey 1
a: Burn Spellbooks, Berserk, Trog's Hand, Brothers in Arms, Renounce Religion
}: 1/15 runes: gossamer


You were on level 2 of the Swamp.
You worshipped Trog.
Trog was exalted by your worship.
You were hungry.
You were a filthy swine.
You visited 5 branches of the dungeon, and saw 30 of its levels.
You also visited: Ossuary and Ice Cave.

You collected 2791 gold pieces.
You spent 324 gold pieces at shops.

Inventory:

Hand weapons
 g - the +9,+3 spear of Trog's Whim {slay drac, rF+ Dex+3}
   (Trog gifted it to you on level 1 of the Orcish Mines)

   This legendary weapon is deadly to all dragonkind.
   It affects your dexterity (+3).
   It protects you from fire.
 r - a +1,+4 anti-magic demon trident
 x - a +1,+2 demon trident of draining (melded)
Armour
 f - a +0 pair of boots (melded)
 t - a +0 pair of gloves (melded)
 z - the +2 cloak of Autumn (melded) {rF+ Stlth++}
   (You found it on level 8 of the Lair of Beasts)

   It protects you from fire.
   It makes you much more stealthy.
 A - a +2 crystal plate armour (melded)
 R - a +0 shield (melded)
Magical devices
 i - a wand of invisibility (4)
 m - a wand of digging (12)
 n - a wand of cold (2)
 u - a wand of disintegration (10)
 v - a wand of heal wounds (0)
 B - a wand of draining (5)
 C - a wand of fireball (2)
 T - a wand of fire (8)
Comestibles
 c - a bread ration
 o - a meat ration
Scrolls
 a - a scroll of holy word
 e - a scroll of teleportation
 h - 6 scrolls of identify
 y - a scroll of magic mapping
 D - 2 scrolls of fog
 O - 4 scrolls of remove curse
 X - 2 scrolls of fear
 Y - 3 scrolls of blinking
Jewellery
 b - a +5 ring of intelligence
 d - an uncursed ring of protection from fire
 j - a ring of poison resistance (melded)
 l - an uncursed ring of flight
 q - an uncursed ring of protection from cold
 s - an uncursed amulet of resist mutation
 w - an uncursed ring of protection from fire
 F - an uncursed ring of protection from cold
 J - an uncursed amulet of stasis
 K - an uncursed ring of positive energy
 S - an amulet of clarity (around neck)
 V - the ring of Vatak (melded) {MR+ Str+3 Dex+2}
   (You found it on level 7 of the Dungeon)

   [ring of protection from magic]

   It affects your strength (+3).
   It affects your dexterity (+2).
Potions
 k - 2 potions of might
 p - a potion of beneficial mutation {unknown}
 G - 2 potions of resistance
 H - a potion of invisibility
 I - 10 potions of curing
 L - 2 potions of flight
 M - 2 potions of haste
 N - 3 potions of restore abilities
 Q - 3 potions of agility


   Skills:
 + Level 19.8(19.1) Fighting
   Level 6.8(6.2) Axes
 - Level 14.1(13.4) Polearms
 + Level 19.6(18.9) Armour
 - Level 2.1(1.6) Dodging
 - Level 15.0(14.3) Shields
 - Level 10.0(9.4) Evocations


You had 16 spell levels left.
You didn't know any spells.

Dungeon Overview and Level Annotations

Branches:
Dungeon (11/15)            Temple (0/1) D:4             Orc (4/4) D:11
    Elf (0/3) Orc:4          Lair (8/8) D:10          Swamp (2/5) Lair:6
 Spider (5/5) Lair:4        Slime (0/6) Lair:6

Altars:
Elyvilon
Fedhas
Makhleb
Okawaru
The Shining One

Shops:
Orc:1 *   Orc:2 [?*[

Annotations:
Swamp:2 Kirke


Innate Abilities, Weirdness & Mutations

((You reflexively headbutt those who attack you in melee.))*
((You have a pair of horns on your head.))*
You are dopey. (Int -2)


Message History

The harpy claws you.
* * * LOW HITPOINT WARNING * * *
The harpy barely misses you. The harpy claws you!
* * * LOW HITPOINT WARNING * * *
The harpy closely misses you. x2
You are very lightly contaminated with residual magic.
The harpy claws you.
* * * LOW HITPOINT WARNING * * *
The harpy claws you.
* * * LOW HITPOINT WARNING * * *
The harpy screeches!
You see here a glowing spear {god gift}.
There is a stone staircase leading up here.
You are feeling hungry.
The harpy claws you.
* * * LOW HITPOINT WARNING * * *
The harpy claws you.
* * * LOW HITPOINT WARNING * * *
The harpy claws you!
You die...

♣♣≈...≈.≈§.≈♣♣♣♣♣≈≈♣♣...(.....≈≈≈
♣≈...≈≈≈≈§..≈.♣≈....♣≈f≈♣♣♣♣..≈≈≈
.≈≈≈..≈≈≈≈≈≈≈...≈≈..♣♣.≈♣♣♣♣.≈≈≈≈
.≈≈≈..≈≈≈≈≈≈≈..≈≈≈≈♣♣♣....♣♣.≈≈.≈
≈≈≈≈≈≈≈≈≈≈.....≈≈.♣♣♣♣...≈♣≈♣♣♣[.
.≈≈≈≈≈..≈≈≈..♣≈...♣ ♣..≈♣♣♣♣ ♣..
≈≈≈≈.≈♣♣≈≈≈≈♣♣♣♣♣.♣ ♣♣♣♣≈≈♣♣ ♣♣♣
♣≈≈.♣♣♣♣≈..♣♣ ♣♣..♣ ♣♣...≈.♣ ♣♣♣♣
♣≈♣♣....≈..♣ ♣.h≈♣ ♣.≈≈≈≈.♣ ♣≈.≈
♣...≈≈.≈♣♣♣♣ ♣HHH♣♣♣..≈≈≈♣♣ ♣.≈≈
♣≈......≈.♣ ♣.≈≈)♣♣♣...♣♣ ♣.≈≈
♣♣♣...≈≈≈.♣ ♣≈≈≈.♣ ♣♣>♣♣ ♣≈≈≈
♣≈♣♣♣♣♣♣♣ ♣≈..)♣♣♣♣♣♣ ♣..≈ ♣♣♣
♣♣♣....§≈≈♣♣♣ ♣.≈≈ ♣♣.≈.≈♣≈.≈♣
♣.≈≈ ♣♣♣♣ ♣♣....♣♣♣..♣ ♣.≈≈ ♣♣≈≈♣
♣♣....♣♣♣≈..♣♣♣♣.≈≈


You could see 3 harpies.

Vanquished Creatures
  Norris (Spider:3)
  Saint Roka (Swamp:2)
  Arachne (Spider:5)
  Frances (Spider:4)
  A thorn hunter (Swamp:2)
  Roxanne (Spider:5)
  Donald (Swamp:2)
  2 ghost moths
  5 emperor scorpions
  Aizul (Spider:5)
  Jorgrun (Spider:4)
  A white draconian (IceCv)
  Snorg (Orc:1)
  Josephine (Orc:2)
  Fannar (Lair:5)
  14 hydras
  Erica (Orc:2)
  12 death yaks
  3 alligators (Swamp:2)
  3 catoblepae (Lair:8)
  20 orb spiders
  A swamp dragon (Swamp:1)
  An ice statue (IceCv)
  A hill giant (D:8)
  Erolcha (Orc:2)
  An orc sorcerer (Orc:4)
  31 wolf spiders
  A necromancer (Lair:8)
  Joseph (D:10)
  2 red wasps
  2 griffons (Lair:7)
  A cyclops (D:11)
  A moth of wrath (Spider:5)
  14 elephants
  Maurice (Orc:2)
  3 black mambas
  A queen ant (Lair:4)
  An item mimic (Lair:8)
  14 spiny frogs
  A feature mimic (Lair:5)
  9 komodo dragons
  A fire drake (Lair:4)
  19 demonic crawlers
  A queen bee (Lair:7)
  2 two-headed ogres
  A wandering mushroom (Lair:1)
  3 trolls
  4 giant leeches
  3 giant fireflies
  17 polar bears
  Sonja (Orc:3)
  37 jumping spiders
  4 bog bodies
  2 boulder beetles
  9 slime creatures
  23 blink frogs
  2 thorn lotuses (Swamp:2)
  4 basilisks
  7 ravens
  38 redbacks
  25 trapdoor spiders
  A human (D:9)
  3 spriggans
  4 wyverns
  A hungry ghost (D:8)
  3 vampire mosquitoes (Swamp:1)
  9 sharks
  53 yaks
  31 tarantellas
  28 wolves
  2 wargs
  8 hippogriffs
  Menkaure (Ossuary)
  8 swamp worms
  15 water moccasins
  5 soldier ants (Lair:4)
  3 swamp drakes (Swamp:1)
  2 necrophages
  5 hogs (Swamp:2)
  10 porcupines
  28 spiders
  16 orc warriors
  2 sky beasts
  A black bear (D:9)
  10 giant goldfish
  8 ogres
  2 phantoms
  A yellow wasp (Lair:2)
  2 boring beetles
  10 ice beasts
  10 crocodiles
  4 centaurs
  4 giant slugs
  3 big kobolds
  A cyclops zombie (D:10)
  16 insubstantial wisps
  The ghost of Starve the Cudgeler, an average NaBe of Trog (D:3)
  18 giant frogs
  A gnoll sergeant (D:9)
  A hippogriff zombie (D:10)
  8 scorpions
  33 killer bees
  8 wights
  3 jellies
  4 crimson imps
  10 goliath beetles
  2 vampire bats (D:4)
  13 electric eels
  A centaur skeleton (D:5)
  10 hounds
  A black bear zombie (D:7)
  An iron imp (Spider:2)
  10 orc priests
  10 big fish
  3 iguanas
  20 worker ants
  20 orc wizards
  2 yak simulacra (Lair:8)
  4 polar bear simulacra (Lair:8)
  6 sheep
  An ogre zombie (D:5)
  Jessica (D:2)
  2 wolf simulacra (Lair:8)
  An ogre skeleton (D:7)
  4 mummies
  23 adders
  4 gnolls (D:9)
  2 inept feature mimics
  A shadow imp (D:8)
  35 green rats
  A goliath beetle zombie (D:10)
  9 worms
  3 giant mites
  An iguana skeleton (D:7)
  3 giant eyeballs
  4 oozes
  140 orcs
  5 ball pythons
  9 giant cockroaches
  21 hobgoblins
  20 jackals
  26 kobolds
  15 quokkas
  35 bats
  6 giant geckos
  5 giant newts
  A giant spore (D:11)
  4 gnoll skeletons (Ossuary)
  3 gnoll zombies (Ossuary)
  17 goblins
  5 goblin skeletons
  2 goblin zombies (Ossuary)
  3 green rat simulacra (Lair:8)
  A hobgoblin simulacrum (Orc:2)
  2 hobgoblin skeletons
  2 hobgoblin zombies (Ossuary)
  A jackal zombie (D:7)
  A kobold skeleton (Ossuary)
  3 kobold zombies (Ossuary)
  5 orc skeletons
  6 orc zombies
  19 rats
  3 rat skeletons (Ossuary)
  4 rat zombies (Ossuary)
  3 ballistomycetes (D:11)
  A briar patch (Swamp:2)
  A fungus (Lair:1)
  4 plants
1332 creatures vanquished.

Vanquished Creatures (collateral kills)
  An emperor scorpion (Spider:5)
  3 jumping spiders (Spider:3)
  3 redbacks (Spider:3)
7 creatures vanquished.

Vanquished Creatures (others)
  An orb spider (Spider:4)
  A jumping spider (Spider:5)
  A troll (Spider:5)
  A tarantella (Spider:5)
  A redback (Spider:5)
  An orc skeleton (D:9)
  2 orcs
  A giant spore (D:11)
  A gnoll zombie (Ossuary)
  3 goblin skeletons (Ossuary)
  2 hobgoblin skeletons (Ossuary)
  3 hobgoblin zombies (Ossuary)
  A kobold skeleton (Ossuary)
  3 orc zombies
  3 rat skeletons (Ossuary)
  2 rat zombies (Ossuary)
  A fungus (Swamp:2)
  14 plants
42 creatures vanquished.

Grand Total: 1381 creatures vanquished

Notes
Turn   | Place    | Note
--------------------------------------------------------------
     0 | D:1      | Econoterrorist, the Minotaur Berserker, began the quest for the Orb.
     0 | D:1      | Reached XP level 1. HP: 19/19 MP: 1/1
   152 | D:1      | Reached skill level 4 in Axes
   246 | D:1      | Reached XP level 2. HP: 17/26 MP: 1/1
   386 | D:1      | Acquired Trog's second power
   630 | D:2      | Reached skill level 5 in Axes
   734 | D:2      | Reached XP level 3. HP: 31/31 MP: 2/2
   877 | D:2      | Noticed Jessica
   882 | D:2      | Killed Jessica
   968 | D:2      | Reached XP level 4. HP: 36/39 MP: 2/2
  1094 | D:3      | Noticed Starve's ghost (average NaBe)
  1105 | D:3      | Killed Starve's ghost
  1105 | D:3      | Reached skill level 6 in Axes
  1278 | D:3      | Reached XP level 5. HP: 45/45 MP: 2/2
  1689 | D:3      | Found an iron altar of Okawaru.
  1689 | D:3      | Found a white marble altar of Elyvilon.
  1743 | D:3      | Reached skill level 1 in Shields
  1925 | D:4      | Paralysed by a giant eyeball for 2 turns
  1957 | D:4      | Acquired Trog's third power
  2109 | D:4      | Found a staircase to the Ecumenical Temple.
  2184 | D:4      | Found a blossoming altar of Fedhas.
  2256 | D:4      | Found a sand-covered staircase.
  2269 | Ossuary  | Entered an ossuary
  2517 | Ossuary  | Reached XP level 6. HP: 45/53 MP: 3/3
  2712 | Ossuary  | Noticed Menkaure
  2720 | Ossuary  | Killed Menkaure
  2946 | D:4      | Reached skill level 5 in Fighting
  3074 | D:4      | Paralysed by a giant eyeball for 2 turns
  3356 | D:5      | Entered Level 5 of the Dungeon
  3385 | D:5      | Reached XP level 7. HP: 46/61 MP: 3/3
  3495 | D:5      | Reached skill level 5 in Armour
  3791 | D:5      | Found a burning altar of Makhleb.
  4053 | D:6      | Reached skill level 5 in Shields
  4102 | D:6      | Reached XP level 8. HP: 62/71 MP: 2/3
  4421 | D:7      | Reached skill level 7 in Fighting
  4641 | D:7      | Received a gift from Trog
  4837 | D:7      | Got a sparkling lead ring
  4849 | D:7      | Got a transparent ring mail
  4866 | D:7      | Identified the cursed -5 ring mail of Sheo {+Rage rF+ SInv} (You found it on level 7 of the Dungeon)
  4878 | D:7      | Gained mutation: You are dopey. (Int -2) [mutagenic glow]
  5009 | D:7      | Reached skill level 1 in Polearms
  5185 | D:7      | Reached skill level 5 in Polearms
  5534 | D:7      | Got a steaming jade ring
  5535 | D:7      | Identified the ring of Vatak {MR+ Str+3 Dex+2} (You found it on level 7 of the Dungeon)
  5565 | D:7      | Reached XP level 9. HP: 76/80 MP: 4/4
  5772 | D:7      | Reached skill level 8 in Polearms
  6033 | D:8      | Reached skill level 9 in Polearms
  6388 | D:8      | Reached skill level 10 in Polearms
  6465 | D:8      | Found a glowing golden altar of the Shining One.
  6837 | D:8      | Noticed a hill giant
  6849 | D:8      | Killed a hill giant
  6849 | D:8      | Reached skill level 11 in Polearms
  7354 | D:9      | Reached skill level 12 in Polearms
  7367 | D:9      | Reached XP level 10. HP: 85/88 MP: 4/4
  7486 | D:9      | Received a gift from Trog
  8080 | D:9      | Reached skill level 13 in Polearms
  8345 | D:9      | Reached skill level 14 in Polearms
  8724 | D:10     | Entered Level 10 of the Dungeon
  9149 | D:10     | Got a smelly ring mail
  9166 | D:10     | Identified the +8 ring mail "Fiuf" {+Blink Dex+3} (You found it on level 10 of the Dungeon)
  9231 | D:10     | Reached XP level 11. HP: 69/95 MP: 1/4
  9233 | D:10     | Received a gift from Trog
  9341 | D:10     | Found a staircase to the Lair.
  9433 | D:10     | Noticed Joseph
  9454 | D:10     | Killed Joseph
  9680 | D:11     | Found a staircase to the Orcish Mines.
  9816 | Orc:1    | Entered Level 1 of the Orcish Mines
 10119 | Orc:1    | Noticed Snorg
 10135 | Orc:1    | Killed Snorg
 10307 | Orc:1    | Received a gift from Trog
 10326 | Orc:1    | Found Baitsikyl's General Store.
 10336 | Orc:1    | Bought a potion of heal wounds for 42 gold pieces
 10336 | Orc:1    | Bought a potion of paralysis for 14 gold pieces
 10402 | Orc:2    | Found Throenoa's Antique Armour Boutique.
 10486 | Orc:2    | Bought a cloak for 94 gold pieces
 10515 | Orc:2    | Noticed Erica
 10530 | Orc:2    | Killed Erica
 10530 | Orc:2    | Reached skill level 10 in Fighting
 10595 | Orc:2    | Found Nydwav's Magic Scroll Boutique.
 10674 | Orc:2    | Found Casobid's Antique Armour Emporium.
 10675 | Orc:2    | Found Stroch's Assorted Antiques.
 10696 | Orc:2    | Bought a scroll labeled BLYLARI BLEQ for 29 gold pieces
 10696 | Orc:2    | Bought a scratched bronze ring for 145 gold pieces
 10702 | Orc:2    | Noticed Erolcha
 10707 | Orc:2    | Noticed Josephine
 10709 | Orc:2    | Noticed Maurice
 10896 | Orc:2    | Received a gift from Trog
 11047 | Orc:2    | Killed Josephine
 11047 | Orc:2    | Reached skill level 10 in Armour
 11056 | Orc:2    | Killed Erolcha
 11478 | Orc:2    | Killed Maurice
 11486 | Orc:3    | Noticed Sonja
 11517 | Orc:3    | Killed Sonja
 11517 | Orc:3    | Reached skill level 10 in Shields
 11931 | Orc:4    | Entered Level 4 of the Orcish Mines
 11931 | Orc:4    | Found a staircase to the Elven Halls.
 12013 | Orc:4    | Noticed a sun demon
 12373 | Orc:1    | Received a gift from Trog
 12376 | Orc:1    | Got a transparent spear {god gift}
 12377 | Orc:1    | Identified the +9,+3 spear of Trog's Whim {slay drac, rF+ Dex+3} (Trog gifted it to you on level 1 of the Orcish Mines)
 12561 | D:11     | Reached XP level 12. HP: 100/110 MP: 1/5
 13156 | Lair:1   | Entered Level 1 of the Lair of Beasts
 13583 | Lair:1   | Noticed a five-headed hydra
 13590 | Lair:1   | Killed a five-headed hydra
 13730 | Lair:1   | Noticed a five-headed hydra
 13738 | Lair:1   | Killed a five-headed hydra
 14709 | Lair:2   | Found a frozen archway.
 14775 | IceCv    | Entered an ice cave
 14826 | IceCv    | Received a gift from Trog
 15220 | IceCv    | Reached XP level 13. HP: 119/119 MP: 1/5
 15509 | IceCv    | Received a gift from Trog
 15534 | IceCv    | Noticed a white draconian
 15585 | IceCv    | Killed a white draconian
 16163 | Lair:2   | Noticed an eight-headed hydra
 16175 | Lair:2   | Killed an eight-headed hydra
 17118 | Lair:3   | Received a gift from Trog
 17543 | Lair:4   | Upgraded the game from 0.14.0-15-g6b16f67 to 0.14.0-17-gc0b17a5
 18146 | Lair:4   | Received a gift from Trog
 18240 | Lair:4   | Found a hole to the Spider Nest.
 18918 | Lair:5   | Noticed Fannar
 18937 | Lair:5   | Killed Fannar
 19643 | Lair:5   | Found a hole to the Spider Nest.
 19649 | Lair:5   | Received a gift from Trog
 19683 | Lair:5   | the hole to the Spider Nest was a mimic.
 20214 | Lair:6   | Reached XP level 14. HP: 122/133 MP: 1/5
 20720 | Lair:6   | Found a staircase to the Swamp.
 21210 | Lair:6   | Found a staircase to the Slime Pits.
 21215 | Lair:6   | Received a gift from Trog
 21827 | Lair:7   | Reached skill level 15 in Fighting
 22038 | Lair:7   | Received a gift from Trog
 22716 | Lair:8   | Entered Level 8 of the Lair of Beasts
 22748 | Lair:8   | Reached skill level 15 in Armour
 23514 | Lair:8   | Received a gift from Trog
 23545 | Lair:8   | Reached skill level 15 in Shields
 23609 | Lair:8   | Reached skill level 1 in Evocations
 24153 | Lair:8   | Reached skill level 5 in Evocations
 24508 | Lair:8   | Got a transparent cloak
 24512 | Lair:8   | Identified the +2 cloak of Autumn {rF+ Stlth++} (You found it on level 8 of the Lair of Beasts)
 25061 | Spider:1 | Entered Level 1 of the Spider Nest
 25079 | Spider:1 | Reached XP level 15. HP: 141/141 MP: 7/21
 25379 | Spider:1 | Received a gift from Trog
 26808 | Spider:2 | Reached skill level 10 in Evocations
 26957 | Spider:3 | Noticed Norris
 26968 | Spider:3 | Paralysed by something for 4 turns
 27017 | Spider:3 | Killed Norris
 27437 | Spider:2 | Reached skill level 16 in Fighting
 28093 | Spider:3 | Received a gift from Trog
 28823 | Spider:4 | Noticed Frances
 28840 | Spider:4 | Killed Frances
 29600 | Spider:4 | Reached skill level 17 in Fighting
 29752 | Spider:4 | Received a gift from Trog
 29777 | Spider:4 | Noticed Jorgrun
 29789 | Spider:4 | Reached XP level 16. HP: 140/155 MP: 8/25
 30627 | Spider:4 | Killed Jorgrun
 30886 | Spider:5 | Entered Level 5 of the Spider Nest
 30955 | Spider:5 | Noticed Aizul
 30980 | Spider:5 | Killed Aizul
 31157 | Spider:5 | Noticed Roxanne
 31209 | Spider:5 | Killed Roxanne
 31295 | Spider:5 | Noticed Arachne
 31328 | Spider:5 | Killed Arachne
 31345 | Spider:5 | Received a gift from Trog
 31948 | Spider:5 | Reached skill level 18 in Fighting
 32272 | Spider:5 | Received a gift from Trog
 32602 | Spider:5 | Got a gossamer rune of Zot
 34089 | Swamp:1  | Entered Level 1 of the Swamp
 34635 | Swamp:1  | Identified a scroll of acquirement
 34637 | Swamp:1  | Identified a +4 rod of striking (10/10) (You acquired it on level 1 of the Swamp)
 35189 | Lair:6   | Reached skill level 19 in Fighting
 35398 | Swamp:1  | Reached XP level 17. HP: 168/168 MP: 8/26
 36099 | Swamp:2  | Received a gift from Trog
 36214 | Swamp:2  | Noticed Donald
 36248 | Swamp:2  | Killed Donald
 36361 | Swamp:2  | Noticed Kirke
 37040 | Swamp:2  | Noticed Saint Roka
 37670 | Swamp:2  | Killed Saint Roka
 37746 | Swamp:2  | HP: 4/169 [raven (5)]
 38366 | Swamp:2  | HP: 8/170 [harpy[Kirke] (1)]
 38370 | Swamp:2  | HP: 3/170 [harpy[Kirke] (2)]
 38370 | Swamp:2  | Mangled by a harpy

Action                   |  1- 3 |  4- 6 |  7- 9 | 10-12 | 13-15 | 16-18 || total
-------------------------+-------+-------+-------+-------+-------+-------++-------
Melee: Hand axe          |    70 |   106 |       |       |       |       ||   176
       War axe           |       |   133 |   163 |       |       |       ||   296
       Trident           |       |       |   242 |  1203 |   217 |       ||  1662
       Demon trident     |       |       |       |   151 |  2029 |  1162 ||  3342
       Spear             |       |       |       |       |    16 |       ||    16
       Unarmed           |       |       |       |       |       |   109 ||   109
Invok: Berserk           |       |     1 |     1 |     3 |     2 |     2 ||     9
       Burn Spellbooks   |       |       |       |       |     2 |     2 ||     4
       Trog's Hand       |       |       |       |       |     1 |     2 ||     3
       Brothers in Arms  |       |       |       |       |     1 |     2 ||     3
Evoke: Wand              |       |       |       |     7 |     9 |    10 ||    26
  Use: Scroll            |       |       |    10 |    13 |    14 |     8 ||    45
       Potion            |       |       |       |     2 |     1 |     7 ||    10
 Stab: Fleeing           |       |       |       |     1 |       |       ||     1
